TOP OF THE 1ST |
Washington State Cougars batting - Pitching for Missouri Tigers : RHP Bernie Ryan
|
Pitching: RHP Bernie Ryan
|
|
Batting: LHB Roberto Lozano
|
0-0: Swinging Strike 0-1: Foul Ball, location: 2F 0-2: Ball 1-2: Ball 2-2: Ground out 4-3 (Groundball, 34)
|
Batting: RHB Jayson Clark
|
0-0: Foul Ball, location: 2F 0-1: Called Strike 0-2: Ball 1-2: Ball 2-2: Foul Ball, location: 2F 2-2: Ball 3-2: Foul Ball, location: 2F 3-2: Base on Balls
|
Batting: RHB José Velázquez
|
0-0: Fly out, F8 (Flyball, 8RM)
|
Batting: RHB Keith Ivey
|
0-0: Foul Ball, location: 2F 0-1: Called Strike 0-2: Ball Wild Pitch! Jayson Clark to second 1-2: Foul Ball, location: 2F 1-2: Foul Ball, location: 2F 1-2: Ball 2-2: Ball 3-2: Foul Ball, location: 2F Balk! Jayson Clark to third 3-2: Hit by Pitch
|
Batting: RHB Enrique Cruz
|
0-0: Called Strike 0-1: Ball 1-1: Foul Ball, location: 2F 1-2: Strikes out looking
|
Top of the 1st over - 0 run(s), 0 hit(s), 0 error(s), 2 left on base; Washington State 0 - Missouri 0 |
BOTTOM OF THE 1ST |
Missouri Tigers batting - Pitching for Washington State Cougars : RHP Juan Benítez
|
Pitching: RHP Juan Benítez
|
|
Batting: LHB Neil Rodríguez
|
0-0: Fly out, F6 (Popup, 6)
|
Batting: LHB Jim Wallace
|
0-0: SINGLE (Flyball, 78S)
|
Batting: RHB José González
|
0-0: Ball 1-0: Foul Ball, location: 2F 1-1: Foul Ball, location: 2F 1-2: Strikes out swinging
|
Batting: RHB George Mitchell
|
0-0: Ground out 4-3 (Groundball, 4)
|
Bottom of the 1st over - 0 run(s), 1 hit(s), 0 error(s), 1 left on base; Washington State 0 - Missouri 0 |
TOP OF THE 2ND |
Washington State Cougars batting - Pitching for Missouri Tigers : RHP Bernie Ryan
|
Batting: LHB Rick Mojica
|
0-0: Called Strike 0-1: Foul Ball, location: 2F 0-2: Ball 1-2: Foul Ball, location: 2F 1-2: Strikes out swinging
|
Batting: RHB Thomas Bowman
|
0-0: Called Strike 0-1: Ball 1-1: Called Strike 1-2: Ball 2-2: Strikes out swinging
|
Batting: RHB Rich Miles
|
0-0: Called Strike 0-1: Swinging Strike 0-2: Ball 1-2: Ball 2-2: Foul Ball, location: 2F 2-2: Strikes out looking
|
Top of the 2nd over - 0 run(s), 0 hit(s), 0 error(s), 0 left on base; Washington State 0 - Missouri 0 |
BOTTOM OF THE 2ND |
Missouri Tigers batting - Pitching for Washington State Cougars : RHP Juan Benítez
|
Batting: SHB Eric Pimentel
|
0-0: SINGLE (Line Drive, 8RS)
|
Batting: RHB Bobby Murdock
|
0-0: Ball 1-0: Ball 2-0: Called Strike 2-1: Called Strike 2-2: Foul Ball, location: 2F 2-2: Ball 3-2: Foul Ball, location: 2F 3-2: Foul Ball, location: 2F 3-2: Reached on Error, E9 (Flyball, 9D) Eric Pimentel to second
|
Batting: SHB Hoyt Norris
|
0-0: Ball 1-0: Called Strike 1-1: Ball 2-1: Foul Ball, location: 2F 2-2: Foul Ball, location: 2F 2-2: Ball 3-2: Grounds into double play, U4-3 (Groundball, 4) Eric Pimentel to third
|
Batting: RHB Wilford Shaw
|
0-0: Swinging Strike 0-1: Ball 1-1: Ball 2-1: Swinging Strike 2-2: Strikes out swinging
|
Bottom of the 2nd over - 0 run(s), 1 hit(s), 1 error(s), 1 left on base; Washington State 0 - Missouri 0 |
TOP OF THE 3RD |
Washington State Cougars batting - Pitching for Missouri Tigers : RHP Bernie Ryan
|
Batting: RHB Nate Atkinson
|
0-0: Called Strike 0-1: Ball 1-1: Called Strike 1-2: Foul Ball, location: 2F 1-2: Ball 2-2: Strikes out swinging
|
Batting: LHB Roberto Lozano
|
0-0: Called Strike 0-1: Swinging Strike 0-2: Ball 1-2: Foul Ball, location: 2F 1-2: Strikes out swinging
|
Batting: RHB Jayson Clark
|
0-0: Ball 1-0: Swinging Strike 1-1: SINGLE (Line Drive, 8LS)
|
Batting: RHB José Velázquez
|
0-0: Called Strike Jayson Clark steals 2nd base 0-1: Ball 1-1: Ball 2-1: Ball 3-1: Ground out 6-3 (Groundball, 6M)
|
Top of the 3rd over - 0 run(s), 1 hit(s), 0 error(s), 1 left on base; Washington State 0 - Missouri 0 |
BOTTOM OF THE 3RD |
Missouri Tigers batting - Pitching for Washington State Cougars : RHP Juan Benítez
|
Batting: RHB Ken Uttley
|
0-0: Ball 1-0: Foul Ball, location: 2F 1-1: Ball 2-1: Ball 3-1: Foul Ball, location: 2F 3-2: Base on Balls
|
Batting: LHB Neil Rodríguez
|
0-0: Ball 1-0: Foul Ball, location: 2F 1-1: Fielders Choice at 2nd, 5-4 (Groundball, 56)
|
Batting: LHB Jim Wallace
|
0-0: Ball 1-0: Ball 2-0: Called Strike 2-1: Ball 3-1: Base on Balls Neil Rodríguez to second
|
Batting: RHB José González
|
0-0: Foul Ball, location: 2F 0-1: Ball 1-1: Swinging Strike 1-2: Strikes out looking
|
Batting: RHB George Mitchell
|
0-0: Ball 1-0: Ball 2-0: Ball 3-0: Called Strike 3-1: Base on Balls Neil Rodríguez to third Jim Wallace to second
|
Batting: SHB Eric Pimentel
|
0-0: Ball 1-0: Ball 2-0: Ball 3-0: Base on Balls Neil Rodríguez scores Jim Wallace to third George Mitchell to second
|
Batting: RHB Bobby Murdock
|
0-0: DOUBLE (Groundball, 5L) Jim Wallace scores George Mitchell scores Eric Pimentel to third Runner from 3rd tries for Home, SAFE, no throw or cutoff
|
Batting: SHB Hoyt Norris
|
0-0: Swinging Strike 0-1: Ball 1-1: Fly out, F8 (Flyball, 8LM)
|
Bottom of the 3rd over - 4 run(s), 1 hit(s), 0 error(s), 1 left on base; Washington State 0 - Missouri 4 |
TOP OF THE 4TH |
Washington State Cougars batting - Pitching for Missouri Tigers : RHP Bernie Ryan
|
Batting: RHB Keith Ivey
|
0-0: Called Strike 0-1: Ball 1-1: Ball 2-1: Foul Ball, location: 2F 2-2: Strikes out looking
|
Batting: RHB Enrique Cruz
|
0-0: Fly out, F7 (Line Drive, 7M)
|
Batting: LHB Rick Mojica
|
0-0: Called Strike 0-1: Ball 1-1: Swinging Strike 1-2: Ball 2-2: Foul Ball, location: 2F 2-2: Foul Ball, location: 2F 2-2: Fly out, F7 (Flyball, 7S)
|
Top of the 4th over - 0 run(s), 0 hit(s), 0 error(s), 0 left on base; Washington State 0 - Missouri 4 |
BOTTOM OF THE 4TH |
Missouri Tigers batting - Pitching for Washington State Cougars : RHP Juan Benítez
|
Batting: RHB Wilford Shaw
|
0-0: Ball 1-0: Ball 2-0: Ball 3-0: Called Strike 3-1: SOLO HOME RUN (Flyball, 78XD), Distance : 367 ft
|
Batting: RHB Ken Uttley
|
0-0: SINGLE (Groundball, 56)
|
Batting: LHB Neil Rodríguez
|
0-0: Ground out 4-3 (Groundball, 4D) Ken Uttley to second
|
Batting: LHB Jim Wallace
|
0-0: Swinging Strike 0-1: Foul Ball, location: 2F 0-2: Ball 1-2: Foul Ball, location: 2F 1-2: Ball 2-2: Ground out 1-3 (Groundball, 13S) Ken Uttley to third
|
Batting: RHB José González
|
0-0: Foul Ball, location: 2F 0-1: Ball 1-1: Foul Ball, location: 2F 1-2: Ball 2-2: Ground out 5-3 (Groundball, 5)
|
Bottom of the 4th over - 1 run(s), 2 hit(s), 0 error(s), 1 left on base; Washington State 0 - Missouri 5 |
TOP OF THE 5TH |
Washington State Cougars batting - Pitching for Missouri Tigers : RHP Bernie Ryan
|
Batting: RHB Thomas Bowman
|
0-0: Foul Ball, location: 2F 0-1: Foul Ball, location: 2F 0-2: Ball 1-2: Ball 2-2: Foul Ball, location: 2F 2-2: Ball 3-2: Base on Balls
|
Pitching: RHP J.R. Wood
|
|
Batting: RHB Rich Miles
|
0-0: Foul Ball, location: 2F 0-1: Called Strike 0-2: Strikes out swinging
|
Batting: RHB Nate Atkinson
|
0-0: Ball 1-0: Called Strike 1-1: Swinging Strike 1-2: Ball 2-2: Ball 3-2: Grounds into double play, 6-4-3 (Groundball, 6)
|
Top of the 5th over - 0 run(s), 0 hit(s), 0 error(s), 0 left on base; Washington State 0 - Missouri 5 |
BOTTOM OF THE 5TH |
Missouri Tigers batting - Pitching for Washington State Cougars : RHP Juan Benítez
|
Batting: RHB George Mitchell
|
0-0: Ball 1-0: Called Strike 1-1: Called Strike 1-2: Strikes out swinging
|
Pitching: RHP José Moreno
|
|
Batting: SHB Eric Pimentel
|
0-0: Swinging Strike 0-1: Fly out, F6 (Line Drive, 6M)
|
Batting: RHB Bobby Murdock
|
0-0: Ball 1-0: Foul Ball, location: 2F 1-1: Ball 2-1: Ball 3-1: Base on Balls
|
Batting: SHB Hoyt Norris
|
0-0: Ball 1-0: Foul Ball, location: 2F 1-1: Swinging Strike 1-2: Strikes out looking
|
Bottom of the 5th over - 0 run(s), 0 hit(s), 0 error(s), 1 left on base; Washington State 0 - Missouri 5 |
TOP OF THE 6TH |
Washington State Cougars batting - Pitching for Missouri Tigers : RHP J.R. Wood
|
Batting: LHB Roberto Lozano
|
0-0: DOUBLE (Line Drive, 89M)
|
Batting: RHB Jayson Clark
|
0-0: Ball 1-0: Foul Ball, location: 2F 1-1: DOUBLE (Line Drive, 7LM) Roberto Lozano scores
|
Batting: RHB José Velázquez
|
0-0: Called Strike 0-1: Foul Ball, location: 2F 0-2: Ball 1-2: Ball 2-2: Foul Ball, location: 2F 2-2: 2-RUN HOME RUN (Flyball, 7D), Distance : 347 ft
|
Pitching: RHP Johnny Jones
|
|
Batting: RHB Keith Ivey
|
0-0: Foul Ball, location: 2F 0-1: Ball 1-1: Ball 2-1: SINGLE (Line Drive, 89S)
|
Batting: RHB Enrique Cruz
|
0-0: Called Strike 0-1: Ball 1-1: Swinging Strike 1-2: Strikes out swinging
|
Batting: LHB Rick Mojica
|
0-0: Called Strike 0-1: Ball 1-1: Ball 2-1: Ball 3-1: Base on Balls Keith Ivey to second
|
Batting: RHB Thomas Bowman
|
0-0: Hit by Pitch Keith Ivey to third Rick Mojica to second
|
Batting: RHB Rich Miles
|
0-0: Fly out, F7 (Flyball, 7M) Runner from 3rd tags up, SCORES, throw made
|
Batting: RHB Nate Atkinson
|
0-0: Foul Ball, location: 2F 0-1: Called Strike 0-2: DOUBLE (Line Drive, 7LM) Rick Mojica scores Thomas Bowman to third Runner from 3rd tries for Home, SAFE, no throw or cutoff
|
Pitching: RHP Chris Webster
|
|
Batting: LHB Roberto Lozano
|
0-0: SINGLE (Groundball, 56) Nate Atkinson to third Runner from 3rd tries for Home, SAFE, no throw or cutoff
|
Batting: RHB Jayson Clark
|
0-0: Swinging Strike 0-1: Ball 1-1: Called Strike 1-2: SINGLE (Line Drive, 9S) Roberto Lozano to second
|
Batting: RHB José Velázquez
|
0-0: Called Strike Jayson Clark steals 2nd base Roberto Lozano to third 0-1: Foul Ball, location: 2F 0-2: Strikes out looking
|
Top of the 6th over - 7 run(s), 7 hit(s), 0 error(s), 2 left on base; Washington State 7 - Missouri 5 |
BOTTOM OF THE 6TH |
Missouri Tigers batting - Pitching for Washington State Cougars : RHP José Moreno
|
Batting: RHB Wilford Shaw
|
0-0: Called Strike 0-1: Ball 1-1: Ground out 6-3 (Groundball, 6S)
|
Batting: RHB Ken Uttley
|
0-0: Ball 1-0: Foul Ball, location: 2F 1-1: Called Strike 1-2: Ball 2-2: Foul Ball, location: 2F 2-2: Foul Ball, location: 2F 2-2: Ball 3-2: Strikes out swinging
|
Batting: LHB Neil Rodríguez
|
0-0: Called Strike 0-1: Foul Ball, location: 2F 0-2: Ground out 6-3 (Groundball, 6)
|
Bottom of the 6th over - 0 run(s), 0 hit(s), 0 error(s), 0 left on base; Washington State 7 - Missouri 5 |
TOP OF THE 7TH |
Washington State Cougars batting - Pitching for Missouri Tigers : RHP Chris Webster
|
Batting: RHB Keith Ivey
|
0-0: Ball 1-0: Ball 2-0: Called Strike 2-1: Swinging Strike 2-2: Foul Ball, location: 2F 2-2: Strikes out swinging
|
Batting: RHB Enrique Cruz
|
0-0: Ball 1-0: Ball 2-0: Ball 3-0: Called Strike 3-1: Called Strike 3-2: Base on Balls
|
Batting: LHB Rick Mojica
|
0-0: Ball 1-0: Fly out, F8 (Flyball, 8RM)
|
Batting: RHB Thomas Bowman
|
0-0: Reaches on Catchers interference Enrique Cruz to second
|
Pinch Hitting: RHB Jesús Domínguez
|
0-0: SINGLE (Groundball, 4) Enrique Cruz to third Thomas Bowman to second Runner from 3rd tries for Home, SAFE, throw made at trailing runner, SAFE at third!
|
Batting: RHB Nate Atkinson
|
0-0: Ball 1-0: Ball 2-0: Foul Ball, location: 2F 2-1: Fly out, F9 (Flyball, 89M)
|
Top of the 7th over - 1 run(s), 1 hit(s), 1 error(s), 2 left on base; Washington State 8 - Missouri 5 |
BOTTOM OF THE 7TH |
Missouri Tigers batting - Pitching for Washington State Cougars : RHP José Moreno
|
Now in LF: Paco Silva
|
|
Batting: LHB Jim Wallace
|
0-0: Ball 1-0: Foul Ball, location: 2F 1-1: Foul Ball, location: 2F 1-2: Fly out, F8 (Flyball, 8LM)
|
Pitching: LHP Andy O'Toole
|
|
Batting: RHB José González
|
0-0: Ball 1-0: Called Strike 1-1: Ball 2-1: Foul Ball, location: 2F 2-2: Foul Ball, location: 2F 2-2: Ball 3-2: Fly out, F8 (Flyball, 8LS)
|
Batting: RHB George Mitchell
|
0-0: Ball 1-0: SINGLE (Groundball, 34D)
|
Batting: SHB Eric Pimentel
|
0-0: Called Strike George Mitchell is caught stealing 2nd base
|
Bottom of the 7th over - 0 run(s), 1 hit(s), 0 error(s), 0 left on base; Washington State 8 - Missouri 5 |
TOP OF THE 8TH |
Washington State Cougars batting - Pitching for Missouri Tigers : RHP Chris Webster
|
Batting: LHB Roberto Lozano
|
0-0: Called Strike 0-1: Swinging Strike 0-2: Ground out 4-3 (Groundball, 4M)
|
Batting: RHB Jayson Clark
|
0-0: DOUBLE (Line Drive, 9LM)
|
Batting: RHB José Velázquez
|
0-0: Called Strike 0-1: Foul Ball, location: 2F 0-2: Ball 1-2: Foul Ball, location: 2F 1-2: Ground out 3-1 (Groundball, 34) Jayson Clark to third
|
Batting: RHB Keith Ivey
|
0-0: Foul Ball, location: 2F 0-1: Ball 1-1: Swinging Strike 1-2: Ball 2-2: Foul Ball, location: 2F 2-2: Foul Ball, location: 2F 2-2: Strikes out looking
|
Top of the 8th over - 0 run(s), 1 hit(s), 0 error(s), 1 left on base; Washington State 8 - Missouri 5 |
BOTTOM OF THE 8TH |
Missouri Tigers batting - Pitching for Washington State Cougars : LHP Andy O'Toole
|
Batting: SHB Eric Pimentel
|
0-0: SOLO HOME RUN (Flyball, 7D), Distance : 342 ft
|
Batting: RHB Bobby Murdock
|
0-0: Ball 1-0: Ball 2-0: Reached on error, E6 (Groundball, 6M)
|
Pitching: LHP Gregory Thompson
|
|
Batting: SHB Hoyt Norris
|
0-0: Called Strike 0-1: Grounds into double play, 4-6-3 (Groundball, 4)
|
Batting: RHB Wilford Shaw
|
0-0: Ball 1-0: Ball 2-0: Foul Ball, location: 2F 2-1: Ball 3-1: Swinging Strike 3-2: Foul Ball, location: 2F 3-2: SOLO HOME RUN (Flyball, 8LXD), Distance : 410 ft
|
Pitching: RHP Salvador Martínez
|
|
Batting: RHB Ken Uttley
|
0-0: Ball 1-0: Foul Ball, location: 2F 1-1: Foul Ball, location: 2F 1-2: Foul Ball, location: 2F 1-2: Ball 2-2: Ball 3-2: Foul Ball, location: 2F 3-2: Foul Ball, location: 2F 3-2: Base on Balls
|
Pitching: LHP Alonso Parrish
|
|
Batting: LHB Neil Rodríguez
|
0-0: Foul Ball, location: 2F 0-1: Ball 1-1: Ball 2-1: Ground out 4-3 (Groundball, 4)
|
Bottom of the 8th over - 2 run(s), 2 hit(s), 1 error(s), 1 left on base; Washington State 8 - Missouri 7 |
TOP OF THE 9TH |
Washington State Cougars batting - Pitching for Missouri Tigers : RHP Chris Webster
|
Pitching: RHP Ralph Marks
|
|
Batting: RHB Enrique Cruz
|
0-0: Ball 1-0: Fly out, F4 (Line Drive, 34)
|
Batting: LHB Rick Mojica
|
0-0: Ball 1-0: Ball 2-0: Foul Ball, location: 2F 2-1: Swinging Strike 2-2: Foul Ball, location: 2F 2-2: Strikes out swinging
|
Batting: RHB Thomas Bowman
|
0-0: Called Strike 0-1: Foul Ball, location: 2F 0-2: Ball 1-2: Strikes out swinging
|
Top of the 9th over - 0 run(s), 0 hit(s), 0 error(s), 0 left on base; Washington State 8 - Missouri 7 |
BOTTOM OF THE 9TH |
Missouri Tigers batting - Pitching for Washington State Cougars : LHP Alonso Parrish
|
Pitching: LHP George Sheppard
|
|
Now at 2B: Jeffery Ivey
|
|
Batting: LHB Jim Wallace
|
0-0: Ground out 1-3 (Groundball, 13)
|
Batting: RHB José González
|
0-0: Called Strike 0-1: Swinging Strike 0-2: Strikes out looking
|
Batting: RHB George Mitchell
|
0-0: Ground out 6-3 (Groundball, 6M)
|
Bottom of the 9th over - 0 run(s), 0 hit(s), 0 error(s), 0 left on base; Washington State 8 - Missouri 7 |
|